 Dungeon Crawl Stone Soup version 0.29.1-2-gbd0b4ee654 (webtiles) character file.

Game seed: 4135637135182214407

354 LustLizard the Gusty (level 6, -2/30 HPs)
             Began as a Spriggan Air Elementalist on Nov 23, 2022.
             Shot with an arrow by a centaur (9 damage)
             ... on level 5 of the Dungeon.
             The game lasted 00:08:29 (5501 turns).

LustLizard the Gusty (Spriggan Air Elementalist)    Turns: 5501, Time: 00:08:31

Health: -2/30      AC:  2    Str: 10    XL:     6   Next: 35%
Magic:  9/13       EV: 17    Int: 18    God:
Gold:   226        SH:  0    Dex: 16    Spells: 9/14 levels left

rFire   . . .      SeeInvis +   g - +2 dagger (speed)
rCold   + + .      Faith    .   (no shield)
rNeg    . . .      Spirit   .   a - +0 robe
rPois   +          Reflect  .   (helmet restricted)
rElec   .          Harm     .   (no cloak)
rCorr   .          Rampage  .   (gloves unavailable)
Will    ++...                   (boots unavailable)
Stlth   +++.......              (no amulet)
HPRegen 0.10/turn               t - ring "Vupevat" {rPois rC++ Will+ Str+6 Stlth+}
MPRegen 0.13/turn               (no ring)

@: very quick
A: very small, no large weapons, unfitting armour, see invisible, speed 3
a: no special abilities


You were on level 5 of the Dungeon.
You visited 1 branch of the dungeon, and saw 5 of its levels.

You collected 226 gold pieces.

Inventory:

Hand Weapons
 d - a +0 whip
 g - a +2 dagger of speed (weapon)
Missiles
 p - a throwing net
Armour
 a - a +0 robe (worn)
Jewellery
 t - the ring "Vupevat" (left hand) {rPois rC++ Will+ Str+6 Stlth+}
   (You found it on level 2 of the Dungeon)

   [ring of strength]

   Str:       It affects your strength (+6).
   rC:        It greatly protects you from cold.
   rPois:     It protects you from poison.
   Will:      It increases your willpower.
   Stlth:     It makes you more stealthy.
Scrolls
 h - a scroll of fog {unknown}
 i - a scroll of vulnerability {unknown}
 m - 2 scrolls of blinking {unknown}
 o - 2 scrolls of identify {unknown}
 q - 2 scrolls of immolation
 r - a scroll of silence {unknown}
 s - a scroll of magic mapping {unknown}
 u - a scroll of fear {unknown}
 v - a scroll of teleportation {unknown}
 y - a scroll of poison {unknown}
 B - a scroll of amnesia {unknown}
 D - a scroll of enchant weapon {unknown}
Potions
 b - a potion of magic
 c - 2 potions of mutation {unknown}
 e - 2 potions of resistance {unknown}
 f - a potion of lignification {unknown}
 j - 2 potions of brilliance {unknown}
 k - 5 potions of curing {unknown}
 l - a potion of heal wounds {unknown}
 n - 2 potions of attraction {unknown}
 w - a potion of might {unknown}
 x - 3 potions of flight {unknown}
 z - 2 potions of ambrosia {unknown}
 A - a potion of degeneration {unknown}
 C - 2 potions of haste {unknown}


   Skills:
 + Level 2.2 Fighting
 - Level 2.6 Dodging
 - Level 3.0 Stealth
 + Level 4.5 Spellcasting
 - Level 1.5 Conjurations
 * Level 4.8 Air Magic


You had 9 spell levels left.
You knew the following spells:

 Your Spells              Type           Power      Damage    Failure   Level
a - Shock                 Conj/Air       60%        1d6       3%          1
b - Airstrike             Air            10%        2d(2-18)  19%         4

Your spell library contained the following spells:

 Spells                   Type           Power      Damage    Failure   Level
 Static Discharge         Conj/Air       15%        3-5/arc   6%          2
 Swiftness                Air            21%        N/A       6%          3
 Apportation              Tloc           8%         N/A       14%         1


Dungeon Overview and Level Annotations

Branches:
Dungeon (5/15)
 Temple: D:4-7

Altars:
Uskayaw
Zin

Shops:
D:4 :

Annotations:
D:5 Blork the orc, Eustachio


Innate Abilities, Weirdness & Mutations

You are very small and have problems with some larger weapons.
You are too small for most types of armour.
You have supernaturally acute eyesight. (SInv)
You cover ground extremely quickly. (Speed+++)


Message History

The air around you briefly surges with heat, but it dissipates.
It was a scroll of immolation.
Okay, then.
Found a stone staircase leading down.
You open the door.
There is an open door here.
Eustachio the Magnificent comes into view.
He is wielding a +1 rapier of venom.
Press: ? - help, v - describe, . - travel
Here: Eustachio, wielding a +1 rapier of venom and wearing a +0 leather armour (asleep)
The floor.
Placed new exclusion.
Blork the orc comes into view.
He is wielding a +0 short sword, wearing a +1 robe of cold resistance and carrying a wand of flame (19).
Press: ? - help, v - describe, . - travel
Here: Blork the orc, wielding a +0 short sword, wearing a +1 robe of cold resistance and carrying a wand of flame (19) (asleep)
The floor.
Placed new exclusion.
Found a war axe.
A centaur comes into view.
Found a glowing quarterstaff.
The centaur shouts!
The centaur wields a +2 shortbow of flaming.
It bursts into flame!
The centaur shoots an arrow.
The arrow barely misses you.
The zap hits the centaur.
The centaur is lightly wounded.
The centaur shoots an arrow.
The arrow completely misses you.
The zap hits the centaur but does no damage.
The centaur is lightly wounded.
You can't see any susceptible monsters within range! (Use Z to cast anyway.)
You can't see any susceptible monsters within range! (Use Z to cast anyway.)
The centaur shoots an arrow.
The arrow hits you. The arrow burns you.
The zap hits the centaur.
The centaur is moderately wounded.
The centaur shoots an arrow.
The arrow misses you.
The zap hits the centaur.
The centaur is severely wounded.
The centaur shoots an arrow.
The arrow hits you!
Ouch! That really hurt!
* * * LOW HITPOINT WARNING * * *
The arrow burns you!
You die...

..#...#..o#.# #.#.#.#
..# #. .# .. #.#.#.#
...... .# ...
....#.######.# .##..#
..#.#......... c#...#.
..#.### .... ##....)..
..#.#####.# #..#..###
###.......######........
................@.....#
#####.###########..#....
### ..... . ..#..# ...
.# )#.. # ##... ###.


You could see a centaur.

Vanquished Creatures
  A howler monkey (D:4)
  2 jellies
  An orc priest (D:4)
  An iguana (D:4)
  3 gnolls (D:4)
  7 adders
  An ufetubus (D:4)
  3 worms
  A dart slug (D:3)
  5 orcs (D:4)
  6 ball pythons
  9 endoplasms
  3 giant cockroaches
  6 goblins
  7 hobgoblins
  6 bats
  13 frilled lizards
  6 kobolds
  4 rats
85 creatures vanquished.

Vanquished Creatures (others)
  7 plants (D:3)
7 creatures vanquished.

Grand Total: 92 creatures vanquished

Notes
Turn   | Place    | Note
-------+----------+-------------------------------------------
     0 | D:1      | LustLizard the Spriggan Air Elementalist began the quest
                  | for the Orb.
     0 | D:1      | Reached XP level 1. HP: 9/9 MP: 5/5
   348 | D:1      | Reached XP level 2. HP: 13/13 MP: 4/6
   532 | D:1      | Found a faded altar of an unknown god.
   535 | D:1      | Got Plato's Tome of Displacement
   646 | D:2      | You fall into a shaft and drop 2 floors!
   762 | D:3      | Reached skill level 1 in Conjurations
  1000 | D:2      | Reached XP level 3. HP: 17/17 MP: 0/8
  1940 | D:2      | Identified the ring "Vupevat" {rPois rC++ Will+ Str+6
                  | Stlth+}
  1961 | D:2      | Reached skill level 1 in Fighting
  2744 | D:3      | Reached XP level 4. HP: 22/22 MP: 5/10
  3557 | D:3      | Reached XP level 5. HP: 17/25 MP: 0/11
  3721 | D:4      | Learned a level 4 spell: Airstrike
  4602 | D:4      | Found a glowing silver altar of Zin.
  4663 | D:4      | Reached XP level 6. HP: 30/30 MP: 5/13
  4827 | D:4      | Found Utsuel's Book Shoppe.
  5288 | D:4      | Found a hide-covered altar of Uskayaw.
  5444 | D:5      | Entered Level 5 of the Dungeon
  5463 | D:5      | Noticed Eustachio
  5474 | D:5      | Noticed Blork the orc
  5501 | D:5      | Shot with an arrow by a centaur

Illustrated notes

Levels and vault maps discovered:
D:1:      dpeg_arrival_rooms_c, layout_rooms,
          shapermc_ecumenical_altar_rom_forum
D:2:      layout_basic, nicolae_concentric_dashed_squares_wild, st_stairs_10,
          hangedman_abyss_or_decor_lesser_grid
D:3:      layout_loops_ring, amcnicky_mini_rare_corridor_liquid,
          minmay_lizard_king
D:4:      layout_basic, zin_statuary, nicolae_uskayaw_suspiria, serial_shops,
          kennysheep_little_box, kennysheep_generic_room_8
D:5:      layout_basic, temple_green, serial_shops, nicolae_shop_behind_doors,
          hellmonk_ghost_happy_afterlife, uniq_eustachio, uniq_pikel,
          uniq_blork_the_orc, uniq_prince_ribbit1

Skill      XL: |  1  2  3  4  5 |
---------------+----------------+-----
Air Magic      | 3 4 |  4.8
Spellcasting   | 3 4 |  4.5
Conjurations   | 1 |  1.5
Fighting       | 1 2 |  2.2
Dodging        | |  2.6
Stealth        | |  3.0

Action                   |  1- 3 |  4- 6 || total
-------------------------+-------+-------++-------
Melee: Whip              |     1 |       ||     1
       Dagger            |    10 |    65 ||    75
       Punch             |     1 |     1 ||     2
 Cast: Shock             |   102 |   130 ||   232
  Use: Scroll            |       |     1 ||     1
 Stab: Sleeping          |       |     4 ||     4
Armor: Robe              |     3 |     4 ||     7
Dodge: Dodged            |    12 |    47 ||    59
